 Adventure DCSS version bcrawl-1.22-26-g3963c97c8d (webtiles) character file.

Game seed: 6340833858759656742

6752 funkygono the Destroyer (level 11, -16/65 HPs)
             Began as a Fairy Conjurer on May 20, 2020.
             Was a Believer of Vehumet.
             Demolished by a manticore (20 damage)
             ... summoned by Kirke
             ... on level 3 of the Lair of Beasts.
             The game lasted 00:22:41 (9020 turns).

funkygono the Destroyer (Fairy Conjurer)            Turns: 9020, Time: 00:22:42

Health: -16/65     AC:  0    Str:  6    XL:     11   Next: 4%
Magic:  2/29       EV: 20    Int: 21    God:    Vehumet [**....]
Gold:   844        SH:  6    Dex: 14    Spells: 21/35 levels left
                                        Lives:  0   Deaths: 2

rFire    . . .     SeeInvis .   (weapon currently unavailable)
rCold    . . .     Gourm    .   (shield currently unavailable)
rNeg     . . .     Faith    .   (armour unavailable)
rPois    .         Spirit   .   (helmet currently unavailable)
rElec    .         Reflect  .   (cloak currently unavailable)
rCorr    .         Harm     .   (gloves currently unavailable)
MR       +....                  (boots currently unavailable)
Stlth    +.........             u - amulet of rage
HPRegen  0.20/turn              (ring currently unavailable)
MPRegen  0.21/turn              (ring currently unavailable)

@: pig-form, flying evasively, slowed
A: small, magic attunement, unstealthy, unfitting armour, AC/SH +6
a: Renounce Religion, Evoke Berserk Rage


You were on level 3 of the Lair of Beasts.
You worshipped Vehumet.
Vehumet was pleased with you.
You were not hungry.
You were a filthy swine.
You visited 3 branches of the dungeon, and saw 12 of its levels.

You collected 844 gold pieces.

Inventory:

Hand Weapons
 B - the +4 short sword of Beafa {pierce, +Inv rF++ rC+ Str-2}
   (You found it on level 8 of the Dungeon)

   It inflicts extra damage upon your enemies.
   It affects your strength (-2).
   It greatly protects you from fire.
   It protects you from cold.
   It lets you turn invisible.
 E - a +4 dagger of protection (melded)
Armour
 d - a +0 pair of boots (melded)
 i - a +1 helmet
 j - a scarf of clouds
 k - a +0 cloak (melded)
 v - a +2 hat (melded)
 C - a +0 pair of gloves (melded)
Jewellery
 n - a ring of protection from cold (melded)
 p - a cursed +4 ring of evasion (melded)
 q - an uncursed amulet of guardian spirit
 u - an amulet of rage (around neck)
Wands
 f - a wand of acid (5)
 z - a wand of digging (11)
Scrolls
 g - 4 scrolls of magic mapping
 l - a scroll of identify
 o - 5 scrolls of teleportation
 y - 3 scrolls of blinking
 G - 2 scrolls of remove curse
Potions
 b - 2 potions of magic
 c - 5 potions of heal wounds
 h - 2 potions of haste
 m - 2 potions of curing
 s - 2 potions of lignification
 t - 2 potions of brilliance
 w - 2 potions of agility
 x - a potion of resistance
 D - a potion of ambrosia
 F - a potion of might
Comestibles
 e - 16 rations {!d}


   Skills:
 + Level 2.4 Fighting
 + Level 2.7 Short Blades
 + Level 6.8 Dodging
 - Level 1.5 Stealth
 + Level 12.9 Spellcasting
 + Level 14.2 Conjurations
 + Level 1.3 Fire Magic
 + Level 3.3 Air Magic
 + Level 6.2 Earth Magic


You had 21 spell levels left.
You knew the following spells:

 Your Spells              Type           Power        Failure   Level  Hunger
a - Magic Dart            Conj           ####         0%          1    None
b - Searing Ray           Conj           ######..     0%          2    None
c - Iskenderun's Mystic   Conj           ######..     1%          3    None
d - Stone Arrow           Conj/Erth      ######       1%          3    None
e - Shock                 Conj/Air       #####        1%          1    None
f - Flame Tongue          Conj/Fire      #####        1%          1    None
g - Ignite Poison         Fire/Tmut/Pois ###.....     3%          3    None

Your spell library contained the following spells:

 Spells                   Type           Power        Failure   Level  Hunger
 Sandblast                Erth           #####.       1%          1    None
 Passwall                 Tmut/Erth      ####....     1%          2    None
 Fulminant Prism          Conj/Hex       #####.....   1%          4    None
 Irradiate                Conj/Tmut      #####.....   1%          5    None
 Inner Flame              Hex/Fire       N/A          3%          3    None
 Lee's Rapid Deconstruct  Erth           #####.....   3%          5    None
 Corona                   Hex            ##.....      4%          1    None
 Shackle                  Hex            ##......     8%          2    None
 Petrify                  Tmut/Erth      ####....     13%         4    None
 Yara's Violent Unravell  Hex/Tmut       ##........   13%         4    None
 False Image              Hex/Summ       ##......     14%         3    None
 Cause Fear               Hex            ##........   43%         4    None


Dungeon Overview and Level Annotations

Branches:
Dungeon (8/12)             Temple (1/1) D:5            Lair (3/6) D:8
 Spider (0/3) Lair:3          Orc (0/1) D:8
  Swamp: Lair:2-4    Shoals: Lair:2-4

Altars:
Ashenzari
Cheibriados
Dithmenos
Elyvilon
Fedhas
Gozag
Hepliaklqana
Kikubaaqudgha
Lugonu
Nemelex Xobeh
Okawaru
Qazlal
Ru
Sif Muna
Trog
Uskayaw
Vehumet
Wu Jian
Xom
Yredelemnul
Zin
The Shining One
Beogh

Annotations:
Lair:1 2 transporters, WLBjork's ghost, journeyman FrFE
Lair:3 Kirke


Innate Abilities, Weirdness & Mutations

Your spells do not cause hunger and MP costs are reduced by 1.
Your bright wings attract enemies. (Stealth-)
You cannot fit into any form of body armour.
((Your shimmering scales are hard and can block incoming attacks. (AC +6, SH +6)))
You are small and have problems with some larger weapons.
((You can fly continuously.))


Message History

Your ring of protection from cold melds into your body.
Your cursed +4 ring of evasion melds into your body.
Your +4 dagger of protection goes still.
The hog bites you!
* * * LOW HITPOINT WARNING * * *
You hit something. The hog completely misses you.
The manticore barely misses you. The manticore claws you!
* * * LOW HITPOINT WARNING * * *
The manticore closely misses you.
You hear some strange, mumbled words.
Something summons a lindwurm!
The hog closely misses you.
You hit something. The hog completely misses you. The hog misses you.
You block the manticore's attack. The manticore claws you.
* * * LOW HITPOINT WARNING * * *
The manticore claws you.
* * * LOW HITPOINT WARNING * * *
You hear some strange, mumbled words.
You feel yourself slow down.
You hit something.
The hog barely misses you. x2; The manticore bites you!!
You die...

....###. ...<...
....'.@h #......
..hh##hH #...... ...
+.H. #......
.........##. .......
........##. #......###
###......##..
......H#.###.#........[.
.....h{h................
.....khh................
........................
........................
.#......#####...........
#.....### #......P####
...... ##.......###.
##.... #.......##...
.........#....


You could see a manticore, a lindwurm and 3 hogs.

Vanquished Creatures
  A hydra (Lair:3)
  A two-headed ogre (D:7)
  Pikel (D:7)
  A wolf spider (Lair:3)
  2 black mambas
  Joseph (D:7)
  5 cane toads
  A komodo dragon (Lair:1)
  The ghost of dscm the Skirmisher, an amateur DgAc of Demigod (D:3)
  A troll (D:6)
  5 hippogriffs
  A wyvern (Lair:3)
  7 yaks
  2 hogs (Lair:3)
  3 crocodiles
  3 water moccasins
  6 porcupines
  A black bear (D:7)
  A slave (D:7)
  2 ice beasts (D:8)
  An orc warrior (D:8)
  A sky beast (D:6)
  A phantom (D:6)
  2 ogres (D:6)
  5 centaurs
  A big kobold (D:8)
  6 bullfrogs
  6 killer bees (D:8)
  4 crimson imps
  A quasit (D:5)
  3 orc priests (D:8)
  2 bullfrog skeletons (D:6)
  2 hounds (D:6)
  An orc wizard (D:8)
  2 centaur skeletons (D:6)
  3 iguanas
  A worker ant (D:7)
  A hound zombie (D:6)
  A worker ant zombie (D:6)
  A howler monkey skeleton (D:7)
  10 adders
  2 adder skeletons
  2 adder zombies (D:6)
  8 orcs
  A ball python (D:1)
  A giant cockroach (D:1)
  8 goblins
  12 hobgoblins
  2 quokkas
  A bat (D:1)
  5 frilled lizards
  14 kobolds
  A quokka skeleton (D:4)
  A rat (D:3)
159 creatures vanquished.

Vanquished Creatures (others)
  A plant (Lair:3)
1 creature vanquished.

Grand Total: 160 creatures vanquished

Notes
Turn   | Place    | Note
-------+----------+-------------------------------------------
     0 | D:1      | funkygono the Fairy Conjurer began the quest for the Orb.
     0 | D:1      | Reached XP level 1. HP: 11/11 MP: 6/6
    15 | D:1      | Reached skill level 5 in Conjurations
    62 | D:1      | Reached XP level 2. HP: 17/17 MP: 7/7
   658 | D:2      | Reached XP level 3. HP: 21/21 MP: 9/9
   927 | D:2      | Found a bloodstained altar of Trog.
   966 | D:3      | Reached skill level 6 in Conjurations
   982 | D:3      | Learned a level 2 spell: Searing Ray
   986 | D:3      | Learned a level 3 spell: Iskenderun's Mystic Blast
  1040 | D:3      | Found a runed translucent door.
  1097 | D:3      | Reached XP level 4. HP: 27/27 MP: 7/10
  1406 | D:3      | Noticed dscm's ghost (amateur DgAc)
  1424 | D:3      | Mangled by dscm's ghost
  1425 | D:3      | Reached XP level 3. HP: -13/21 MP: 1/9
  1435 | D:3      | Killed dscm's ghost
  1435 | D:3      | Reached skill level 7 in Conjurations
  1435 | D:3      | Reached XP level 4. HP: 27/27 MP: 5/12
  1435 | D:3      | Reached XP level 5. HP: 31/31 MP: 5/14
  1435 | D:3      | Reached XP level 6. HP: 36/36 MP: 5/15
  1470 | D:4      | Found a white marble altar of Elyvilon.
  1550 | D:4      | Reached skill level 8 in Conjurations
  1660 | D:4      | Found an iron altar of Okawaru.
  1927 | D:4      | Found an opulent altar of Gozag.
  2063 | D:5      | Entered Level 5 of the Dungeon
  2195 | D:5      | Found a glowing golden altar of the Shining One.
  2360 | D:5      | Reached skill level 5 in Spellcasting
  2426 | D:5      | Found a shattered altar of Ashenzari.
  2650 | D:5      | Found a staircase to the Ecumenical Temple.
  2659 | Temple   | Entered the Ecumenical Temple
  2826 | Temple   | Became a worshipper of Vehumet
  2888 | D:5      | Found a snail-covered altar of Cheibriados.
  3172 | D:6      | Noticed a troll
  3177 | D:6      | Killed a troll
  3177 | D:6      | Reached skill level 9 in Conjurations
  3177 | D:6      | Reached XP level 7. HP: 26/42 MP: 10/17
  3183 | D:6      | Reached skill level 1 in Fighting
  3332 | D:6      | Reached XP level 8. HP: 48/48 MP: 7/19
  3706 | D:6      | Reached skill level 10 in Conjurations
  4030 | D:6      | Reached * piety under Vehumet
  4030 | D:6      | Offered knowledge of Shock by Vehumet.
  4035 | D:6      | Learned a level 3 spell: Stone Arrow
  4037 | D:6      | Learned a level 1 spell: Shock
  4349 | D:7      | Noticed a two-headed ogre
  4355 | D:7      | Killed a two-headed ogre
  4355 | D:7      | Reached skill level 5 in Dodging
  4355 | D:7      | Reached skill level 11 in Conjurations
  4355 | D:7      | Reached skill level 1 in Air Magic
  4355 | D:7      | Reached skill level 1 in Earth Magic
  4355 | D:7      | Reached XP level 9. HP: 54/54 MP: 11/23
  4603 | D:7      | Noticed Pikel
  4619 | D:7      | Killed Pikel
  4619 | D:7      | Reached skill level 1 in Short Blades
  4727 | D:7      | Found a glowing golden altar of the Shining One.
  4737 | D:7      | Noticed Joseph
  4742 | D:7      | Killed Joseph
  4901 | D:7      | Reached skill level 10 in Spellcasting
  5010 | D:7      | Reached XP level 10. HP: 41/60 MP: 19/26
  5357 | D:8      | Reached skill level 12 in Conjurations
  5372 | D:8      | Got a bloodstained short sword
  5488 | D:8      | Found a staircase to the Orcish Mines.
  5696 | D:8      | Found a roughly hewn altar of Beogh.
  5699 | D:8      | Offered knowledge of Flame Tongue by Vehumet.
  5701 | D:8      | Reached ** piety under Vehumet
  5704 | D:8      | Learned a level 1 spell: Flame Tongue
  6003 | D:8      | Found a staircase to the Lair.
  6026 | D:8      | Identified the +4 short sword of Beafa {pierce, +Inv rF++
                  | rC+ Str-2} (You found it on level 8 of the Dungeon)
  6048 | Lair:1   | Entered Level 1 of the Lair of Beasts
  6264 | Lair:1   | Noticed a cane toad
  6274 | Lair:1   | Killed a cane toad
  6545 | Lair:1   | Noticed a cane toad
  6546 | Lair:1   | Noticed a moth of wrath
  6549 | Lair:1   | Noticed WLBjork's ghost (journeyman FrFE)
  6564 | Lair:1   | Found a transporter.
  6608 | Lair:1   | Found a transporter.
  6611 | Lair:1   | Noticed a moth of wrath
  6749 | Lair:1   | Noticed a cane toad
  6754 | Lair:1   | Killed a cane toad
  6754 | Lair:1   | Reached skill level 13 in Conjurations
  6754 | Lair:1   | Reached skill level 1 in Fire Magic
  7257 | Lair:2   | Reached XP level 11. HP: 64/64 MP: 23/28
  7653 | Lair:2   | Reached skill level 5 in Earth Magic
  8607 | Lair:3   | Noticed a six-headed hydra
  8611 | Lair:3   | Noticed Kirke
  8615 | Lair:3   | Noticed a harpy
  8615 | Lair:3   | Noticed a harpy
  8621 | Lair:3   | Mangled by a six-headed hydra
  8622 | Lair:3   | Reached XP level 10. HP: -8/60 MP: 23/28
  8622 | Lair:3   | Noticed a cane toad
  8627 | Lair:3   | Killed a cane toad
  8707 | Lair:3   | Killed a six-headed hydra
  8707 | Lair:3   | Reached skill level 14 in Conjurations
  8749 | Lair:3   | Noticed a black mamba
  8752 | Lair:3   | Killed a black mamba
  8752 | Lair:3   | Offered knowledge of Ignite Poison by Vehumet.
  8757 | Lair:3   | Learned a level 3 spell: Ignite Poison
  8766 | Lair:3   | Found a hole to the Spider Nest.
  8766 | Lair:3   | Noticed a wolf spider
  8771 | Lair:3   | Killed a wolf spider
  8771 | Lair:3   | Reached XP level 11. HP: 55/65 MP: 25/29
  8997 | Lair:3   | Noticed a harpy
  9001 | Lair:3   | Noticed a harpy
  9002 | Lair:3   | Noticed a manticore
  9019 | Lair:3   | Noticed a lindwurm
  9020 | Lair:3   | Demolished by a manticore

Skill      XL: |  1  2  3  4  5  6  7  8  9 10 11 |
---------------+----------------------------------+-----
Conjurations   | 5 7 9 11 14 | 14.2
Spellcasting   | 4 5 6 8 10 11 12 | 12.9
Dodging        | 3 5 6 |  6.8
Fighting       | 1 2 |  2.4
Air Magic      | 1 2 3 |  3.3
Earth Magic    | 1 3 6 5 |  6.2
Short Blades   | 1 2 |  2.7
Fire Magic     | 1 |  1.3
Stealth        | |  1.5

Action                   |  1- 3 |  4- 6 |  7- 9 | 10-12 || total
-------------------------+-------+-------+-------+-------++-------
Melee: Dagger            |       |       |    39 |    39 ||    78
       Unarmed           |       |       |       |     3 ||     3
 Cast: Magic Dart        |    60 |    14 |    20 |    26 ||   120
       Iskenderun's Myst |     1 |    26 |    32 |    11 ||    70
       Searing Ray       |       |     4 |     6 |     4 ||    14
       Stone Arrow       |       |       |    23 |   106 ||   129
       Shock             |       |       |     6 |    39 ||    45
       Flame Tongue      |       |       |       |    10 ||    10
  Use: Scroll            |     6 |     4 |     5 |    13 ||    28
       Potion            |       |     2 |       |       ||     2
  Eat: Chunk             |       |     1 |     5 |     7 ||    13
       Ration            |       |     1 |       |     1 ||     2
Armor: Skin              |     1 |     6 |     5 |    20 ||    32
Dodge: Dodged            |     3 |    27 |    60 |   165 ||   255
Block: Other             |       |     7 |    14 |    40 ||    61
